 Dungeon Crawl Stone Soup version 0.21-a0-210-gbfa5647 (webtiles) character file.

25 Gorglomux the Skirmisher (level 3, -3/33 HPs)
             Began as a Hill Orc Abyssal Knight on Aug 21, 2017.
             Was a Believer of Lugonu.
             Slain by Sigmund
             ... wielding a +0 scythe
              (10 damage)
             ... on level 2 of the Dungeon.
             The game lasted 00:00:59 (842 turns).

Gorglomux the Skirmisher (Hill Orc Abyssal Knight)   Turns: 842, Time: 00:00:59

Health: -3/33      AC:  3    Str: 15    XL:     3   Next: 6%
Magic:  5/5        EV: 16    Int: 12    God:    Lugonu [**....]
Gold:   31         SH:  0    Dex: 15    Spells: 2/2 levels left

rFire    . . .     SeeInvis .   a - +1 hand axe
rCold    . . .     Gourm    .   (no shield)
rNeg     . . .     Faith    .   b - +0 leather armour
rPois    .         Spirit   .   (no helmet)
rElec    .         Reflect  .   (no cloak)
rCorr    .         Harm     .   (no gloves)
MR       .....                  (no boots)
Stlth    ++........             (no amulet)
HPRegen  0.11/turn              (no ring)
MPRegen  0.09/turn              (no ring)

@: agile
A: no striking features
a: Depart the Abyss, Bend Space, Renounce Religion


You were on level 2 of the Dungeon.
You worshipped Lugonu.
Lugonu was pleased with you.
You were not hungry.

You visited 1 branch of the dungeon, and saw 2 of its levels.
You visited the Abyss 1 time.

You collected 31 gold pieces.

Inventory:

Hand Weapons
 a - a +1 hand axe (weapon)
Armour
 b - a +0 leather armour (worn)
Scrolls
 h - a scroll of enchant weapon
 i - a scroll of remove curse {unknown}
Comestibles
 c - 2 bread rations
 f - a royal jelly
 j - a chunk of flesh


   Skills:
 + Level 4.1 Fighting
 + Level 3.2 Axes
 + Level 2.5 Armour
 - Level 0.7 Dodging
 + Level 2.9 Invocations


You had 2 spell levels left.
You didn't know any spells.

Dungeon Overview and Level Annotations

Branches:
Dungeon (2/15)

Altars:
Gozag

Annotations:
D:2 Sigmund


Message History

Unknown command!
You feel agile all of a sudden!
You're too confused!!!
Something hits you but does no damage!
You feel less confused!
You hear some strange, mumbled words!
A magic dart appears from out of thin air!!!
The magic dart hits you!!!
As you read the scroll labeled LENLOH LOAROO, it crumbles to dust!
It is a scroll of identify!
h - a butt of enchant weapon Something hits you!!!
You closely butts something! Something closely misses you!
You miss something! Butt hits you! * * * don't die
* * * You miss something!
You closely miss something! Something hits you! * * * don't die
* * * You barely miss something!
Something hits you!!! rip

#.# #.# #####.# # .%.... .#
#####.#.################.###
...@........................
#..####.######...#.##
##.....{.....#...#
#...[#@...#.#.<.#
#.##._..####.# #...#
#......## #...#<..# ######.#
#####)#...# .... ...#.###
##..## ###.... ##.# #.#.##
.. #.#.# ..# #.#.#


There were no monsters in sight!

Vanquished Creatures
  An adder (D:2)
  4 bats
  A giant cockroach (D:1)
  A goblin (D:1)
  2 hobgoblins (D:1)
  A kobold (D:1)
  3 frilled lizards
  4 rats (D:1)
17 creatures vanquished.

Notes
Turn   | Place    | Note
-------+----------+-------------------------------------------
     0 | Abyss:1  | Gorglomux the Hill Orc Abyssal Knight began the quest for the Orb.
     0 | Abyss:1  | Reached XP level 1. HP: 19/19 MP: 2/2
    10 | D:1      | Escaped the Abyss
   169 | D:1      | Reached skill level 3 in Axes
   169 | D:1      | Reached XP level 2. HP: 19/27 MP: 3/3
   704 | D:2      | Found an opulent altar of Gozag.
   712 | D:2      | Reached ** piety under Lugonu
   712 | D:2      | Reached skill level 4 in Fighting
   722 | D:2      | Reached XP level 3. HP: 11/33 MP: 5/5
   821 | D:2      | Noticed Sigmund
   842 | D:2      | Slain by Sigmund

Vault maps used:
D:1:      eino_arrival_cavern_b, minmay_strange_pillars
D:2:      nicolae_gozag_seed_capital, uniq_terence, uniq_natasha, uniq_sigmund

Skill      XL: |  1  2 |
---------------+-------+-----
Axes           | 3 |  3.2
Fighting       | 4 |  4.1
Armour         | |  2.5
Dodging        | |  0.7
Invocations    | |  2.9

Action                   || total
-------------------------++-------
Melee: Hand axe          ||    56
  Use: Scroll            ||     1
       Potion            ||     1
Armor: Leather armour    ||    17
Dodge: Dodged            ||    40

Table legend:
 A = Spawn XP
 B = Non-spawn XP
 C = Spawn XP percentage of total XP
 D = Spawn monster count
 E = Non-spawn monster count
 F = Spawn count percentage of total count
 G = Total turns spent on level
                    A         B        C        D         E        F      G
               +---------+---------+-------+---------+---------+-------+---------
         Total |       1 |      36 |   2.7 |       1 |      16 |   5.9 |   842
               +---------+---------+-------+---------+---------+-------+---------
           D:1 |       1 |      18 |   5.3 |       1 |      12 |   7.7 |   680
           D:2 |       0 |      18 |   0.0 |       0 |       4 |   0.0 |   152
               +---------+---------+-------+---------+---------+-------+---------
